 Dungeon Crawl Stone Soup version 0.30-a0-881-g1ff12e1e11 (webtiles) character file.

Game seed: 9975313125667801402

371 mandoloar the Shield-Bearer (level 6, 0/53 HPs)
             Began as a Gnoll Fighter on Mar 15, 2023.
             Slain by Dowan
             ... wielding a +4 dagger of venom
              (7 damage)
             ... on level 4 of the Dungeon.
             The game lasted 00:05:46 (3694 turns).

mandoloar the Shield-Bearer (Gnoll Fighter)         Turns: 3694, Time: 00:05:47

Health: 0/53       AC:  7    Str: 15    XL:     6   Next: 70%
Magic:  9/9        EV:  9    Int:  9    God:
Gold:   175        SH:  5    Dex: 12    Spells: 9/9 levels left

rFire   + . .      SeeInvis .    a - +0 war axe
rCold   . . .      Faith    .    c - +0 buckler
rNeg    . . .      Spirit   .    b - +0 scale mail
rPois   .          Reflect  .    (no helmet)
rElec   .          Rampage  .    (no cloak)
rCorr   .                        (no gloves)
Will    .....                    (no boots) Stlth
                                 (no amulet)
HPRegen 0.28/turn                f - ring of protection from fire
MPRegen 0.11/turn                (no ring)

@: lethally poisoned (0 -> -13), lit by a corona, glowing
A: fangs 1, strong nose, distributed training
a: no special abilities


You were on level 4 of the Dungeon.
You visited 1 branch of the dungeon, and saw 4 of its levels.

You collected 175 gold pieces.

Inventory:

Hand Weapons
 a - a +0 war axe (weapon)
Armour
 b - a +0 scale mail (worn)
 c - a +0 buckler (worn)
Jewellery
 f - a ring of protection from fire (left hand)
Scrolls
 e - 3 scrolls of identify
 j - a scroll of teleportation
Potions
 d - a potion of might
 g - a potion of attraction
 h - 2 potions of heal wounds
 i - 2 potions of lignification


   Skills:
 + Level 6.9 Fighting
 + Level 2.1 Short Blades
 + Level 2.1 Long Blades
 + Level 5.1 Axes
 + Level 2.1 Maces & Flails
 + Level 2.1 Polearms
 + Level 2.1 Staves
 + Level 2.1 Ranged Weapons
 + Level 2.1 Throwing
 + Level 6.9 Armour
 + Level 2.1 Dodging
 + Level 2.1 Stealth
 + Level 6.9 Shields
 + Level 2.1 Unarmed Combat
 + Level 2.1 Spellcasting
 + Level 1.7 Conjurations
 + Level 1.7 Hexes
 + Level 1.7 Summonings
 + Level 1.7 Necromancy
 + Level 1.7 Translocations
 + Level 1.7 Transmutations
 + Level 1.7 Fire Magic
 + Level 1.7 Ice Magic
 + Level 1.7 Air Magic
 + Level 1.7 Earth Magic
 + Level 1.7 Poison Magic
 + Level 2.4 Invocations
 + Level 2.1 Evocations


You had 9 spell levels left.
You didn't know any spells.
Your spell library contained the following spells:

 Spells                   Type           Power      Damage    Failure   Level
 Ensorcelled Hibernation  Hex/Ice        8%         N/A       71%         2
 Passwall                 Tmut/Erth      3%         N/A       71%         2
 Inner Flame              Hex/Fire       4%         N/A       90%         3
 Swiftness                Air            4%         N/A       90%         3
 Flame Wave               Conj/Fire      4%         2d5       100%        4
 Sticky Flame             Conj/Fire      4%         2d3       100%        4
 Freezing Cloud           Conj/Ice/Air   2%         6-21      100%        5
 Simulacrum               Ice/Necr       2%         N/A       100%        6
 Polar Vortex             Ice            2%         N/A       100%        9


Dungeon Overview and Level Annotations

Branches:
Dungeon (4/15)
 Temple: D:4-7

Altars:

Annotations:
D:4 Dowan, Duvessa


Innate Abilities, Weirdness & Mutations

You have very sharp teeth.
Your uncanny sense of smell can sniff out nearby items.
Your experience applies equally to all skills.


Message History

Dowan blinks!
Natasha claws you but does no damage.
You barely miss Natasha. Natasha barely misses you.
You closely miss Natasha.
Natasha stares at you and mumbles some strange words.
The magic dart hits you.
You slash Natasha! Your bite misses Natasha.
Natasha is severely wounded.
Natasha casts a spell at you. The magic dart hits you!
Natasha mewls in sadness.
You block Natasha's attack.
You slash Natasha!
You kill Natasha!
Natasha yowls pathetically as she dies!
The shadow imp disappears in a puff of smoke!
Dowan's feet meld with the ground, briefly.
Dowan hits you with a +4 dagger of venom.
You are poisoned.
You hit Dowan.
Dowan is moderately wounded.
You feel very sick. Dowan hits you but does no damage.
You are more poisoned.
You closely miss Dowan.
Dowan is moderately wounded.
You feel very sick.
Dowan points at you and mumbles some strange words.
You are outlined in light.
You hit Dowan.
Dowan is moderately wounded.
You feel very sick.
Dowan hits you with a +4 dagger of venom.
* * * LOW HITPOINT WARNING * * *
You are lethally poisoned!
You slash Dowan!
Dowan is severely wounded.
* * * LOW HITPOINT WARNING * * *
You feel very sick.
Dowan hits you with a +4 dagger of venom!
You die...

#.#..
#.####
#....#
####.# #.#
#.#
########.#
#........#
#@########
#e# #...#
#....
....... ∆
#.##..###
#. ...# .
..## . ###


You could see Dowan.

Vanquished Creatures
  An ogre (D:4)
  A jelly (D:3)
  Terence (D:3)
  Ijyb (D:3)
  Natasha (D:4)
  An iguana (D:4)
  2 orc wizards (D:3)
  3 adders (D:3)
  2 worms
  4 dart slugs
  3 orcs (D:3)
  4 endoplasms
  9 giant cockroaches
  4 goblins
  7 hobgoblins
  2 quokkas
  7 ball pythons
  2 bats (D:3)
  4 frilled lizards
  5 kobolds
  4 rats
68 creatures vanquished.

Notes
Turn   | Place    | Note
-------+----------+-------------------------------------------
     0 | D:1      | mandoloar the Gnoll Fighter began the quest for the Orb.
     0 | D:1      | Reached XP level 1. HP: 23/23 MP: 1/1
    88 | D:1      | Reached XP level 2. HP: 26/29 MP: 2/2
   424 | D:1      | Reached XP level 3. HP: 35/35 MP: 3/3
   450 | D:1      | Found a faded altar of an unknown god.
   951 | D:2      | Reached skill level 1 in Invocations
  1080 | D:2      | Reached skill level 1 in Short Blades
  1080 | D:2      | Reached skill level 1 in Long Blades
  1080 | D:2      | Reached skill level 1 in Maces & Flails
  1080 | D:2      | Reached skill level 1 in Polearms
  1080 | D:2      | Reached skill level 1 in Staves
  1080 | D:2      | Reached skill level 1 in Ranged Weapons
  1080 | D:2      | Reached skill level 1 in Throwing
  1080 | D:2      | Reached skill level 1 in Dodging
  1080 | D:2      | Reached skill level 1 in Stealth
  1080 | D:2      | Reached skill level 1 in Unarmed Combat
  1080 | D:2      | Reached skill level 1 in Spellcasting
  1080 | D:2      | Reached skill level 1 in Evocations
  2000 | D:3      | Reached XP level 4. HP: 41/41 MP: 5/5
  2118 | D:3      | Noticed Terence
  2126 | D:3      | Killed Terence
  2127 | D:3      | Reached skill level 1 in Conjurations
  2127 | D:3      | Reached skill level 1 in Hexes
  2127 | D:3      | Reached skill level 1 in Summonings
  2127 | D:3      | Reached skill level 1 in Necromancy
  2127 | D:3      | Reached skill level 1 in Translocations
  2127 | D:3      | Reached skill level 1 in Transmutations
  2127 | D:3      | Reached skill level 1 in Fire Magic
  2127 | D:3      | Reached skill level 1 in Ice Magic
  2127 | D:3      | Reached skill level 1 in Air Magic
  2127 | D:3      | Reached skill level 1 in Earth Magic
  2127 | D:3      | Reached skill level 1 in Poison Magic
  2259 | D:3      | Reached XP level 5. HP: 16/47 MP: 5/7
  2744 | D:3      | Noticed Ijyb
  2770 | D:3      | Killed Ijyb
  3152 | D:3      | Reached XP level 6. HP: 53/53 MP: 8/8
  3421 | D:4      | Reached skill level 5 in Axes
  3677 | D:4      | Noticed Natasha
  3679 | D:4      | Noticed Duvessa
  3683 | D:4      | Noticed Dowan
  3690 | D:4      | Killed Natasha
  3694 | D:4      | Slain by Dowan

Illustrated notes

Levels and vault maps discovered:
D:1:      roderic_octagonal_star, layout_basic,
          shapermc_ecumenical_altar_starsandcircs, kennysheep_decorative_pillar,
          minmay_pentomino_q4
D:2:      wad_lake_hut, layout_basic
D:3:      layout_loops_ring, uniq_ijyb, uniq_terence
D:4:      cheibrodos_thug_alley, layout_loops_ring, uniq_natasha, uniq_sigmund,
          uniq_crazy_yiuf_cottage, uniq_duvessa

Skill      XL: |  1  2  3  4  5  6 |
---------------+-------------------+-----
Invocations    | 1 2 |  2.4
Short Blades   | 1 2 |  2.1
Long Blades    | 1 2 |  2.1
Maces & Flails | 1 2 |  2.1
Polearms       | 1 2 |  2.1
Staves         | 1 2 |  2.1
Ranged Weapons | 1 2 |  2.1
Throwing       | 1 2 |  2.1
Dodging        | 1 2 |  2.1
Stealth        | 1 2 |  2.1
Unarmed Combat | 1 2 |  2.1
Spellcasting   | 1 2 |  2.1
Evocations     | 1 2 |  2.1
Conjurations   | 1 |  1.7
Hexes          | 1 |  1.7
Summonings     | 1 |  1.7
Necromancy     | 1 |  1.7
Translocations | 1 |  1.7
Transmutations | 1 |  1.7
Fire Magic     | 1 |  1.7
Ice Magic      | 1 |  1.7
Air Magic      | 1 |  1.7
Earth Magic    | 1 |  1.7
Poison Magic   | 1 |  1.7
Axes           | 5 |  5.1
Fighting       | |  6.9
Armour         | |  6.9
Shields        | |  6.9

Action                     |  1- 3 |  4- 6 || total
---------------------------+-------+-------++-------
  Melee: War axe           |    82 |   108 ||   190
         Bite              |     8 |     8 ||    16
    Use: Scroll            |     6 |     1 ||     7
 Armour: Scale mail        |    37 |    46 ||    83
  Dodge: Dodged            |    24 |    41 ||    65
  Block: Buckler           |    21 |    21 ||    42

Table legend: (Time is in decaauts)
 A = Elapsed time spent in this place.
 B = Non-inter-level travel time spent in this place.
 C = Inter-level travel time spent in this place.
 D = Time resting spent in this place.
 E = Time spent auto-exploring this place.
 F = Levels seen in this place.
 G = Mean time per level.
                   A        B        C        D        E       F      G
               +--------+--------+--------+--------+--------+-----+--------+
         Total |   3787 |   3536 |    251 |   1131 |   1822 |   4 |  946.8 |
       Dungeon |   3787 |   3536 |    251 |   1131 |   1822 |   4 |  946.8 |
               +--------+--------+--------+--------+--------+-----+--------+

Top non-repeatable levels by time:
     D:3: 1706 daAuts
     D:1: 943 daAuts
     D:2: 819 daAuts
     D:4: 318 daAuts
